Map: Blackburn LE

Players

ViBE - Winner!

  • Race: Protoss Protoss
  • League: Platinum

TheGoldenKey

  • Race: Terran Terran
  • League: Master

VOD

Have the link to the VOD?

Description

Time

  • Played on: April 6, 2021, 9:35 p.m.
  • Length: 11:08
Show
View Real Time Build Order
Export as new Build Order

ViBE Protoss - Winner!

Build Orders: 1 Gate Expand 

Get SALT Encoding   

  12  0:00  Probe  
  13  0:12  Probe  
  14  0:18  Pylon  
  14  0:25  Probe  
  15  0:37  Probe (Chrono Boost)  
  15  0:38  Gateway  
  16  0:48  Assimilator  
  16  0:51  Probe (Chrono Boost)  
  17  0:58  Probe (Chrono Boost)  
  18  1:06  Probe  
  19  1:18  Probe  
  20  1:26  Nexus  
  20  1:40  Cybernetics Core  
  20  1:43  Probe  
  20  1:45  Assimilator  
  21  1:55  Probe  
  22  2:01  Pylon  
  22  2:07  Probe  
  22  2:16  Stalker (Chrono Boost), Warp Gate  
  22  2:21  Probe  
  25  2:33  Pylon, Probe  
  25  2:36  Stalker (Chrono Boost)  
  26  2:38  Robotics Facility  
  26  2:43  Probe  
  29  2:55  Probe  
  31  3:07  Stalker  
  32  3:16  Probe  
  31  3:23  Immortal (Chrono Boost)  
  34  3:28  Probe  
  35  3:36  Pylon  
  35  3:39  Sentry  
  35  3:40  Probe  
  34  3:52  Probe  
  30  4:04  Probe, Immortal  
  35  4:18  Stalker  
  37  4:25  Probe  
  38  4:44  Observer  
  39  4:45  Stalker  
  41  4:57  Nexus  
  41  4:59  Pylon  
  39  5:02  Probe  
  40  5:07  Pylon  
  40  5:11  Sentry  
  42  5:14  Probe (Chrono Boost)  
  43  5:26  Probe (Chrono Boost)  
  44  5:33  Immortal  
  44  5:34  Probe (Chrono Boost)  
  49  5:40  Stalker  
  49  5:41  Probe  
  52  5:53  Probe  
  53  6:01  Pylon  
  53  6:04  Stalker  
  53  6:06  Probe (Chrono Boost)  
  53  6:10  Probe (Chrono Boost)  
  57  6:18  Probe (Chrono Boost)  
  58  6:22  Probe (Chrono Boost)  
  59  6:26  Probe (Chrono Boost), Immortal  
  59  6:27  Probe (Chrono Boost)  
  65  6:35  Stalker, Probe  
  65  6:36  Probe  
  69  6:53  Nexus  
  69  6:58  Pylon  
  69  7:00  Pylon  
  69  7:01  Probe  
  69  7:02  Probe  
  71  7:08  Immortal  
  71  7:14  Probe x2  
  77  7:16  Stalker  
  79  7:25  Assimilator x2  
  79  7:27  Probe x2  
  81  7:33  Pylon  
  81  7:39  Probe x2  
  81  7:42  Pylon  
  83  7:51  Stalker  
  85  7:52  Immortal  
  85  7:53  Probe x2  
  85  7:56  Gateway  
  91  7:59  Gateway  
  91  8:03  Gateway  
  91  8:08  Probe x3  
  94  8:20  Probe x3  
  97  8:27  Stalker  
  97  8:32  Nexus  
  99  8:36  Pylon  
  99  8:39  Pylon  
  99  8:46  Immortal  
  99  8:47  Probe  
  99  8:48  Probe  
  105  8:50  Probe  
  105  8:54  Assimilator  
  106  8:55  Assimilator  
  106  9:02  Probe x3  
  109  9:14  Stalker x3, Probe x3  
  109  9:15  Stalker  
  120  9:22  Twilight Council  
  120  9:25  Forge  
  120  9:27  Forge  
  120  9:29  Probe (Chrono Boost)  
  120  9:30  Probe (Chrono Boost)  
  122  9:32  Probe (Chrono Boost)  
  123  9:40  Probe (Chrono Boost)  
  123  9:41  Probe (Chrono Boost)  
  123  9:42  Probe (Chrono Boost)  
  123  9:45  Pylon  
  126  9:49  Pylon, Zealot x3  
  126  9:51  Zealot  
  134  9:54  Probe x2  
  134  9:55  Probe  
  134  9:56  Probe  
  138  10:00  Templar Archives  
  138  10:08  Probe x2  
  138  10:09  Probe  
  138  10:10  Probe  
  142  10:22  Nexus  
  142  10:25  Pylon  
  142  10:28  Pylon  
  142  10:30  Zealot x4  
  154  10:50  Gateway  
  154  10:51  Gateway  
  154  10:53  Gateway  
  154  10:55  Gateway  
  141  11:01  Nexus  
Show
View Real Time Build Order
Export as new Build Order

TheGoldenKey Terran 

Build Orders:  

Get SALT Encoding   

  12  0:11  Supply Depot  
  12  0:19  SCV  
  13  0:34  Barracks  
  13  0:48  Barracks  
  13  1:03  Barracks  
  13  1:11  SCV  
  14  1:22  Marine  
  15  1:35  SCV  
  15  1:36  Marine  
  17  1:40  Marine  
  17  1:46  Bunker  
  18  1:57  Marine, Supply Depot  
  19  2:04  Marine  
  20  2:12  Marine  
  20  2:14  SCV  
  22  2:21  Marine  
  22  2:22  Marine  
  23  2:26  SCV  
  25  2:32  Marine  
  26  2:39  Marine  
  27  2:48  Marine  
  28  2:51  Refinery  
  28  2:52  Refinery  
  28  2:55  Supply Depot  
  25  3:23  Marine x3  
  28  3:27  Orbital Command  
  20  4:06  Barracks Tech Lab  
  20  4:09  SCV  
  21  4:10  Factory  
  21  4:21  SCV  
  22  4:34  SCV, Command Center  
  23  4:41  Factory  
  23  4:46  SCV  
  24  4:59  Barracks Reactor  
  20  5:13  Cyclone  
  23  5:15  SCV  
  24  5:24  Engineering Bay  
  24  5:26  Widow Mine  
  26  5:35  SCV  
  27  5:45  Cyclone  
  27  5:47  SCV  
  31  5:53  Armory  
  31  5:54  Orbital Command  
  31  5:59  Widow Mine x2  
  35  6:07  Missile Turret  
  35  6:08  SCV  
  36  6:29  Bunker  
  36  6:32  Orbital Command  
  36  6:36  Cyclone  
  36  6:37  Widow Mine x2  
  43  6:45  Drilling Claws  
  43  6:47  Barracks Tech Lab x2  
  43  6:57  SCV x2  
  43  7:01  Refinery  
  45  7:02  Refinery  
  45  7:07  Marine x2  
  47  7:10  SCV  
  48  7:22  SCV x2  
  50  7:24  Terran Vehicle And Ship Armor Level 1  
  50  7:26  Supply Depot  
  50  7:28  Marine x2  
  52  7:37  SCV x2, Missile Turret  
  52  7:42  Concussive Shells  
  54  7:48  Marauder x2  
  58  7:52  Supply Depot  
  58  7:53  SCV x2  
  60  8:05  SCV x2  
  62  8:13  Mag-Field Accelerator  
  62  8:14  Cyclone  
  62  8:15  Widow Mine x2  
  69  8:22  Supply Depot, Marauder x2  
  69  8:27  SCV x2  
  75  8:30  Supply Depot  
  75  8:39  Widow Mine  
  77  8:46  Cyclone  
  77  8:47  Missile Turret  
  80  8:55  Widow Mine  
  82  9:00  Supply Depot, Widow Mine  
  84  9:06  Marine x2  
  84  9:09  Combat Shield, Stimpack  
  86  9:16  Widow Mine  
  86  9:17  SCV x2  
  90  9:25  Cyclone  
  90  9:28  Marine  
  90  9:29  Marine  
  95  9:34  Supply Depot  
  95  9:38  SCV  
  96  9:40  SCV  
  97  9:52  SCV x2  
  99  9:57  Supply Depot  
  99  9:59  Cyclone  
  106  10:00  Widow Mine x2  
  106  10:02  Marine  
  106  10:04  Marine  
  108  10:22  Widow Mine x2  
  108  10:26  Supply Depot  
  112  10:28  Marine  
  112  10:29  Marine  
  112  10:31  Cyclone  
Tags
 
Add a new tag
Caveats
  • Supply blocks, unpowered buildings, or Contaminate may cause inaccurate times.
  • Supply counts are checked every 10 seconds.